 Dungeon Crawl Stone Soup version 0.22-a0-858-g985ef60 (webtiles) character file.

2263 mhoghedin the Sneak (level 9, -5/54 HPs)
             Began as a Kobold Artificer on July 27, 2018.
             Was a Believer of Kikubaaqudgha.
             Hit by a stone thrown by an orc warrior (16 damage)
             ... on level 8 of the Dungeon.
             The game lasted 00:19:11 (8701 turns).

mhoghedin the Sneak (Kobold Artificer)              Turns: 8701, Time: 00:19:12

Health: -5/54      AC:  7    Str: 10    XL:     9   Next: 64%
Magic:  2/12       EV: 20    Int: 17    God:    Kikubaaqudgha [**....]
Gold:   461        SH:  6    Dex: 15    Spells: 2/8 levels left

rFire    . . .     SeeInvis .   r - +1 dagger (venom)
rCold    . . .     Gourm    .   g - +0 buckler
rNeg     . . .     Faith    .   m - +0 leather armour
rPois    .         Spirit   .   (no helmet)
rElec    .         Reflect  .   (no cloak)
rCorr    .         Harm     .   b - +0 pair of gloves
MR       .....                  G - +2 pair of boots
Stlth    +++.......             (no amulet)
HPRegen  0.18/turn              B - +2 ring of evasion
MPRegen  0.13/turn              y - +2 ring of intelligence

@: very slightly contaminated
A: small, carnivore
a: Receive Corpses, Renounce Religion


You were on level 8 of the Dungeon.
You worshipped Kikubaaqudgha.
Kikubaaqudgha was pleased with you.
You were not hungry.

You visited 1 branch of the dungeon, and saw 8 of its levels.

You collected 461 gold pieces.

Inventory:

Hand Weapons
 e - a +2 short sword of freezing
   (You found it on level 6 of the Dungeon)
 l - a +0 dagger of freezing
   (You took it off a kobold on level 3 of the Dungeon)
 q - a +1 short sword of draining
   (You took it off a kobold on level 7 of the Dungeon)
 r - a +1 dagger of venom (weapon)
   (You took it off an orc wizard on level 4 of the Dungeon)
Missiles
 i - 8 curare-tipped needles
Armour
 b - a +0 pair of gloves (worn)
   (You found it on level 3 of the Dungeon)
 g - a +0 buckler (worn)
   (You found it on level 5 of the Dungeon)
 m - a +0 leather armour (worn)
   (You found it on level 3 of the Dungeon)
 G - a +2 pair of boots (worn)
   (You found it on level 6 of the Dungeon)
Magical Staves
 o - an uncursed staff of fire {rF+}
   (You found it on level 2 of the Dungeon)
Jewellery
 j - an uncursed ring of magical power {MP+9}
   (You found it on level 1 of the Dungeon)
 x - an uncursed ring of resist corrosion
   (You found it on level 5 of the Dungeon)
 y - a +2 ring of intelligence (right hand)
   (You found it on level 4 of the Dungeon)
 B - a +2 ring of evasion (left hand)
   (You found it on level 5 of the Dungeon)
Wands
 c - a wand of flame (3)
 d - a wand of enslavement (6)
 h - a wand of digging (8)
   (You took it off an orc on level 4 of the Dungeon)
 A - a wand of polymorph (8)
   (You took it off Grinder on level 5 of the Dungeon)
Scrolls
 p - a scroll of remove curse
 u - a scroll of amnesia
 z - 3 scrolls of teleportation
 C - a scroll of enchant armour
 E - a scroll of enchant weapon {unknown}
Potions
 a - a potion of cancellation {unknown}
 k - a potion of brilliance {unknown}
 n - a potion of haste
 v - a potion of resistance {unknown}
 w - a potion of flight {unknown}
 F - 2 potions of might {unknown}
 H - a potion of ambrosia {unknown}
Comestibles
 f - 17 rations


   Skills:
 - Level 5.6 Fighting
 - Level 6.7 Short Blades
 - Level 6.6 Dodging
 - Level 7.5 Stealth
 + Level 3.6 Shields
 + Level 3.5 Necromancy
 - Level 4.4 Evocations


You had 2 spell levels left.
You knew the following spells:

 Your Spells              Type           Power        Failure   Level  Hunger
a - Corpse Rot            Necr           N/A          14%         2    ###....
x - Vampiric Draining     Necr           ##........   26%         3    ####...
A - Animate Skeleton      Necr           N/A          9%          1    ##.....

Your spell library contained the following spells:

 Spells                   Type           Power        Failure   Level  Hunger
 Pain                     Necr           ##..         9%          1    ##.....
 Sublimation of Blood     Necr           ##........   14%         2    ###....
 Stone Arrow              Conj/Erth      #.....       75%         3    ####...
 Leda's Liquefaction      Hex/Erth       #.........   98%         4    #####..
 Summon Hydra             Summ           #.........   100%        7    #######
 Summon Forest            Summ/Tloc      #.........   100%        5    ######.
 Hydra Form               Tmut           #.........   100%        6    #######


Dungeon Overview and Level Annotations

Branches:
Dungeon (8/15)             Temple (0/1) D:6
   Lair: D:8-11

Altars:
Dithmenos
Gozag
Kikubaaqudgha
Makhleb
Okawaru
Qazlal
Ru
Uskayaw
Wu Jian
Xom
Yredelemnul

Annotations:
D:4 1 runed door, varam's ghost, amateur OpEE


Innate Abilities, Weirdness & Mutations

You are small and have problems with some larger weapons.
You are carnivorous and can eat meat at any time.


Message History

You hit the hound.
The hound pauses to sniff the ground.
The hound completely misses you.
You hit the hound. The hound barely misses you.
You closely miss the hound. The hound barely misses you.
You barely miss the hound. The hound bites you.
You take 1 damage, and have 30/54 hp.
You hit the hound.
The hound looks as sick as possible!
You block the hound's attack.
You hit the hound. The hound barely misses you.
You hit the hound.
The hound looks as sick as possible!
The hound completely misses you.
You hit the hound.
The hound looks as sick as possible!
You kill the hound!
Kikubaaqudgha accepts your kill.
An orc comes into view. It is wielding a hand axe.
The orc hits you with a hand axe.
You take 2 damage, and have 28/54 hp.
You barely miss the orc. You closely miss the orc. The orc misses you.
You hit the orc.
The orc is poisoned.
You block the orc's attack.
You hit the orc.
The orc looks as sick as possible!
You hit the orc.
You kill the orc!
Kikubaaqudgha accepts your kill.
Items here: ( )) [ † a hand axe; 3 tomahawks; a leather armour; a giant club; an orc corpse You butcher the orc corpse.
Items here: % ( )) [ a hand axe; 3 tomahawks; a leather armour; a giant club 3 chunks of flesh {@w0} You start resting.
The two-headed ogre is too close now for your liking.
You regained 4 hp, and now have 33/54 hp.
An orc priest comes into view.
An orc warrior comes into view. It is wielding a hand axe.
The orc warrior shouts!
The orc warrior throws a stone.
The stone completely misses you.
You see here a stone.
You see here a metallic coppery potion.
a - a metallic coppery potion The orc warrior throws a stone.
The stone completely misses you.
You see here a stone.
The orc warrior throws a stone.
The stone barely misses you.
The orc warrior throws a stone.
The stone closely misses you.
You see here 2 stones.
Okay, then.
Unknown command.
Okay, then.
Unknown command.
The orc warrior throws a stone.
You block the stone.
You see here a stone.
The orc warrior throws a stone.
The stone barely misses you.
You see here a stone.
Things that are here:
a dagger; a robe
Things that are here:
a war axe; a morningstar You start resting.
The orc warrior is too close now for your liking.
Kikubaaqudgha delivers you corpses!
You feel somewhat more hungry.
The orc warrior throws a stone.
The stone closely misses you.
You now have 9/12 mp.
The orc warrior throws a stone.
The stone hits you but does no damage.
You see here a stone.
The orc warrior throws a stone.
The stone hits you!
You take 14 damage, and have 27/54 hp.
MASSIVE DAMAGE!!
The orc warrior throws a stone.
The stone hits you!
* * * LOW HITPOINT WARNING * * *
You see here a stone.
You take 16 damage, and have 11/54 hp.
MASSIVE DAMAGE!!
Unknown command.
You start resting.
The orc warrior is too close now for your liking.
Aim: an orc warrior, wielding a hand axe and wearing a chain mail You feel life coursing into your body.
The orc warrior barely misses you.
You regained 4 hp, and now have 16/54 hp.
You now have 7/12 mp.
Aim: an orc warrior, wielding a hand axe and wearing a chain mail (moderately wounded)
You feel life coursing into your body.
The orc warrior hits you with a hand axe!
* * * LOW HITPOINT WARNING * * *
You take 6 damage, and have 10/54 hp.
You now have 4/12 mp.
Aim: an orc warrior, wielding a hand axe and wearing a chain mail (heavily wounded)
You miscast Vampiric Draining.
You are very lightly contaminated with residual magic.
Your bones ache.
You block the orc warrior's attack.
You now have 1/12 mp.
You hit the orc warrior but do no damage.
The orc warrior is poisoned.
You hit the orc warrior but do no damage.
The orc warrior looks as sick as possible!
You block the orc warrior's attack.
The orc warrior throws a stone.
The stone barely misses you.
The orc warrior throws a stone.
The stone hits you!
You die...
Kikubaaqudgha rasps: "You have failed me!
Welcome... death!"

.#.# #.# #.#
.#?#
#.##########.#
.#.#
#.......o..(.#
.#.#
#.(###########
.#.#
###..#((.#
.#.#
#....#.#o# ##
#.#.##†#.#
#.#))o†#.#
#.######@# #.#
#.# #Z######.#
#.#.Z...(#
#.#.######
#.#.# #.#.#
#.#.# #...#


You could see an orc warrior.

Vanquished Creatures
  Grinder (D:5)
  A wyvern (D:8)
  Edmund (D:5)
  An orc warrior (D:7)
  A sky beast (D:4)
  2 ogres
  2 bullfrogs
  3 wights (D:6)
  2 killer bees (D:7)
  A bullfrog zombie (D:6)
  3 hounds
  A gnoll shaman (D:7)
  4 orc priests
  A bullfrog skeleton (D:4)
  Jessica (D:2)
  Natasha (D:2)
  Terence (D:2)
  2 iguanas
  8 orc wizards
  3 worker ants
  2 hound skeletons
  A mummy (D:7)
  A howler monkey skeleton (D:3)
  A howler monkey zombie (D:6)
  5 gnolls (D:7)
  6 adders
  An ooze (D:1)
  4 dart slugs
  4 leopard geckos
  19 orcs
  A ball python (D:1)
  2 giant cockroaches
  3 hobgoblins
  8 jackals
  5 quokkas
  5 bats
  2 frilled lizards (D:1)
  A giant cockroach zombie (D:5)
  5 goblins
  A hobgoblin zombie (D:7)
  7 kobolds
  A leopard gecko skeleton (D:7)
  An orc zombie (D:7)
  11 rats
137 creatures vanquished.

Vanquished Creatures (collateral kills)
  A big kobold (D:7)
  A killer bee (D:7)
  An orc wizard (D:8)
  A worker ant (D:4)
  A hound skeleton (D:7)
  3 orcs
  A kobold (D:7)
9 creatures vanquished.

Vanquished Creatures (others)
  3 killer bees (D:7)
  A wight (D:6)
4 creatures vanquished.

Grand Total: 150 creatures vanquished

Notes
Turn   | Place    | Note
-------+----------+-------------------------------------------
     0 | D:1      | mhoghedin the Kobold Artificer began the quest for the Orb.
     0 | D:1      | Reached XP level 1. HP: 12/12 MP: 3/3
   189 | D:1      | Reached XP level 2. HP: 16/16 MP: 4/4
   371 | D:1      | Reached skill level 2 in Stealth
   482 | D:1      | Reached skill level 2 in Short Blades
   500 | D:1      | Reached XP level 3. HP: 19/20 MP: 5/5
   896 | D:2      | Reached skill level 4 in Evocations
  1110 | D:2      | Reached skill level 3 in Dodging
  1183 | D:2      | Noticed Natasha
  1186 | D:2      | Killed Natasha
  1186 | D:2      | Reached skill level 2 in Fighting
  1186 | D:2      | Reached XP level 4. HP: 16/26 MP: 7/7
  1262 | D:2      | Noticed Terence
  1379 | D:2      | Noticed Jessica
  1382 | D:2      | Killed Jessica
  1382 | D:2      | Reached skill level 3 in Stealth
  1382 | D:2      | Reached XP level 5. HP: 22/30 MP: 8/8
  1557 | D:2      | Reached skill level 3 in Short Blades
  1648 | D:2      | Killed Terence
  2165 | D:3      | Found an ornate altar of the Wu Jian Council.
  2345 | D:3      | Found a shadowy altar of Dithmenos.
  2349 | D:3      | Found an iron altar of Okawaru.
  2349 | D:3      | Found a burning altar of Makhleb.
  2359 | D:3      | Found an ancient bone altar of Kikubaaqudgha.
  2369 | D:3      | Became a worshipper of Kikubaaqudgha
  2375 | D:3      | Found a stormy altar of Qazlal.
  2492 | D:3      | Found a shimmering altar of Xom.
  2695 | D:4      | Reached XP level 6. HP: 36/36 MP: 9/9
  2731 | D:4      | Reached skill level 3 in Fighting
  2841 | D:4      | Found a hide-covered altar of Uskayaw.
  2861 | D:4      | Reached skill level 4 in Dodging
  3000 | D:4      | Reached skill level 4 in Stealth
  3208 | D:4      | Noticed a sky beast
  3226 | D:4      | Reached skill level 4 in Short Blades
  3937 | D:4      | Killed a sky beast
  3937 | D:4      | Reached XP level 7. HP: 32/42 MP: 10/10
  4008 | D:4      | Found a runed door.
  4011 | D:4      | Found a shimmering altar of Xom.
  4011 | D:4      | Noticed varam's ghost (amateur OpEE)
  4012 | D:4      | Noticed a flail of chaos
  4516 | D:5      | Entered Level 5 of the Dungeon
  4702 | D:5      | Found a basalt altar of Yredelemnul.
  4704 | D:5      | Noticed Grinder
  4714 | D:5      | Killed Grinder
  4714 | D:5      | Reached skill level 4 in Fighting
  4714 | D:5      | Reached skill level 5 in Short Blades
  4714 | D:5      | Reached skill level 5 in Dodging
  4714 | D:5      | Reached skill level 5 in Stealth
  5049 | D:5      | Reached XP level 8. HP: 40/48 MP: 11/11
  5265 | D:5      | Noticed Edmund
  5293 | D:5      | Killed Edmund
  5293 | D:5      | Reached skill level 6 in Stealth
  5366 | D:5      | Found a stormy altar of Qazlal.
  5526 | D:5      | HP: 10/48 [something/magic dart (5)]
  5527 | D:5      | HP: 1/48 [something/magic dart (4)]
  6361 | D:6      | Found an opulent altar of Gozag.
  6473 | D:6      | Reached skill level 6 in Short Blades
  6489 | D:6      | Reached skill level 5 in Fighting
  6537 | D:6      | Reached skill level 6 in Dodging
  6715 | D:6      | Reached skill level 1 in Shields
  6743 | D:6      | Found a staircase to the Ecumenical Temple.
  7248 | D:7      | Reached skill level 7 in Stealth
  7381 | D:7      | Reached XP level 9. HP: 22/54 MP: 12/12
  7396 | D:7      | Reached * piety under Kikubaaqudgha
  7396 | D:7      | Identified Kikubaaqudgha's Papyrus of Stolen Souls (Kikubaaqudgha gifted it to you on level 7 of the Dungeon)
  7396 | D:7      | Received a gift from Kikubaaqudgha
  7420 | D:7      | HP: 16/81 [killer bee (5)]
  7425 | D:7      | HP: 15/81 [poisoned by a killer bee]
  7431 | D:7      | HP: 15/81 [poisoned by a killer bee]
  7436 | D:7      | HP: 15/81 [poisoned by a killer bee]
  7444 | D:7      | HP: 14/81 [poisoned by a killer bee]
  7661 | D:6      | Reached skill level 2 in Shields
  7665 | D:6      | Learned a level 2 spell: Corpse Rot
  7669 | D:6      | Learned a level 3 spell: Vampiric Draining
  7671 | D:6      | Learned a level 1 spell: Animate Skeleton
  7800 | D:7      | Found a sacrificial altar of Ru.
  7808 | D:7      | Reached skill level 1 in Necromancy
  7991 | D:7      | Reached skill level 2 in Necromancy
  8160 | D:7      | Reached skill level 3 in Shields
  8252 | D:8      | Noticed a two-headed ogre
  8362 | D:8      | Reached ** piety under Kikubaaqudgha
  8362 | D:8      | Reached skill level 3 in Necromancy
  8690 | D:8      | HP: 11/54 [orc warrior/stone (16)]
  8695 | D:8      | HP: 10/54 [orc warrior/hand axe (10)]
  8701 | D:8      | Hit by a stone thrown by an orc warrior

Vault maps used:
D:1:      dpeg_arrival_windows_large_door
D:2:      first_ration, uniq_natasha, uniq_jessica, uniq_terence
D:3:      nicolae_overflow_hidden_temple, lemuel_coloured_pillars_altar,
          minmay_overflow_temple_star_hex
D:4:      eat_drink_and_be_merry_uskayaw, ebering_ghost_xom
D:5:      overflow_temple_1_default, basic_altar, uniq_grinder, uniq_edmund
D:6:      grunt_gozag_breadcrumbs, minmay_temple_entry_trees
D:7:      nicolae_ru_great_annihilating_truth, nicolae_ossuary_entry_giza,
          grunt_ogre_cave
D:8:      basic_altar

Skill      XL: |  1  2  3  4  5  6  7  8  9 |
---------------+----------------------------+-----
Stealth        | 2 3 4 5 7 |  7.5
Short Blades   | 2 3 4 5 6 |  6.7
Evocations     | 4 |  4.4
Dodging        | 3 4 5 6 |  6.6
Fighting       | 2 3 4 5 |  5.6
Shields        | 1 3 |  3.6
Necromancy     | 3 |  3.5

Action                   |  1- 3 |  4- 6 |  7- 9 || total
-------------------------+-------+-------+-------++-------
Melee: Short sword       |   116 |    50 |    54 ||   220
       Dagger            |       |   150 |   243 ||   393
 Cast: Animate Skeleton  |       |       |     2 ||     2
       Vampiric Draining |       |       |     2 ||     2
Invok: Receive Corpses   |       |       |     1 ||     1
Evoke: Wand              |       |    26 |    22 ||    48
  Use: Scroll            |       |     4 |     4 ||     8
       Potion            |       |     4 |     5 ||     9
 Stab: Sleeping          |     8 |     4 |    15 ||    27
       Paralysed         |       |     1 |       ||     1
       Distracted        |       |     1 |       ||     1
  Eat: Chunk             |     2 |    16 |     9 ||    27
Armor: Leather armour    |    26 |    31 |    30 ||    87
       Skin              |       |       |    23 ||    23
Dodge: Dodged            |    94 |   132 |   151 ||   377
Block: Buckler           |       |       |    49 ||    49

Table legend:
 A = Spawn XP
 B = Non-spawn XP
 C = Spawn XP percentage of total XP
 D = Spawn monster count
 E = Non-spawn monster count
 F = Spawn count percentage of total count
 G = Total turns spent on level
                    A         B        C        D         E        F      G
               +---------+---------+-------+---------+---------+-------+---------
         Total |       0 |    3233 |   0.0 |       0 |     147 |   0.0 |  8701
               +---------+---------+-------+---------+---------+-------+---------
           D:1 |       0 |      36 |   0.0 |       0 |      19 |   0.0 |   673
           D:2 |       0 |     171 |   0.0 |       0 |      27 |   0.0 |  1172
           D:3 |       0 |      57 |   0.0 |       0 |      10 |   0.0 |  1438
           D:4 |       0 |     395 |   0.0 |       0 |      18 |   0.0 |  1233
           D:5 |       0 |     670 |   0.0 |       0 |      10 |   0.0 |  1368
           D:6 |       0 |     534 |   0.0 |       0 |      23 |   0.0 |  1329
           D:7 |       0 |     944 |   0.0 |       0 |      33 |   0.0 |  1067
           D:8 |       0 |     426 |   0.0 |       0 |       7 |   0.0 |   421
               +---------+---------+-------+---------+---------+-------+---------

Vault maps used:
D:1:      dpeg_arrival_windows_large_door
D:2:      first_ration, uniq_natasha, uniq_jessica, uniq_terence
D:3:      nicolae_overflow_hidden_temple, lemuel_coloured_pillars_altar,
          minmay_overflow_temple_star_hex
D:4:      eat_drink_and_be_merry_uskayaw, ebering_ghost_xom
D:5:      overflow_temple_1_default, basic_altar, uniq_grinder, uniq_edmund
D:6:      grunt_gozag_breadcrumbs, minmay_temple_entry_trees
D:7:      nicolae_ru_great_annihilating_truth, nicolae_ossuary_entry_giza,
          grunt_ogre_cave
D:8:      basic_altar

Table legend:
 A = Turns spent in this place as a percentage of turns spent in the entire game.
 B = Non-inter-level travel turns spent in this place as a percentage of non-inter-level travel turns spent in the entire game.
 C = Inter-level travel turns spent in this place as a percentage of turns spent in this place.
 D = Turns resting spent in this place as a percentage of non-inter-level travel turns spent in this place.
 E = Turns spent auto-exploring this place as a percentage of non-inter-level travel turns spent in this place.
 F = Non-inter-level travel turns spent in this place divided by the number of levels of this place that you've seen.
                   A       B       C       D       E      F
               +-------+-------+-------+-------+-------+----------------------
         Total | 100.0 | 100.0 |   5.6 |  29.8 |  48.5 | 1026.9
       Dungeon | 100.0 | 100.0 |   5.6 |  29.8 |  48.5 | 1026.9
               +-------+-------+-------+-------+-------+----------------------

Table legend:
 A = Kills in this place as a percentage of kills in entire the game.
 B = Kills by you in this place as a percentage of kills by you in the entire game.
 C = Kills by friends in this place as a percentage of kills by friends in the entire game.
 D = Other kills in this place as a percentage of other kills in the entire game.
 E = Experience gained in this place as a percentage of experience gained in the entire game.
 F = Experience gained in this place divided by the number of levels of this place that you have seen.
                   A       B       C       D       E      F
               +-------+-------+-------+-------+-------+----------------------
         Total | 100.0 | 100.0 | 100.0 | 100.0 | 100.0 | 404.1
       Dungeon | 100.0 | 100.0 | 100.0 | 100.0 | 100.0 | 404.1
               +-------+-------+-------+-------+-------+----------------------
